 Dungeon Crawl Stone Soup version 0.29.1-2-gbd0b4ee654 (webtiles) character file.

Game seed: 15112703241110788711

190 safid the Shooter (level 5, -6/48 HPs)
             Began as a Minotaur Hunter on Nov 4, 2022.
             Mangled by a gnoll
             ... wielding a +0 flail
              (10 damage)
             ... on level 3 of the Dungeon.
             The game lasted 00:03:18 (2921 turns).

safid the Shooter (Minotaur Hunter)                 Turns: 2921, Time: 00:03:19

Health: -6/48      AC:  6    Str: 15    XL:     5   Next: 41%
Magic:  4/4        EV: 10    Int:  6    God:
Gold:   152        SH:  0    Dex: 16    Spells: 4/4 levels left

rFire   . . .      SeeInvis .   a - +0 shortbow
rCold   . . .      Faith    .   (shield currently unavailable)
rNeg    . . .      Spirit   .   f - +0 scale mail
rPois   .          Reflect  .   (helmet restricted)
rElec   .          Harm     .   (no cloak)
rCorr   .          Rampage  .   (no gloves)
Will    .....                   (no boots)
Stlth   ..........              s - amulet of regeneration
HPRegen 0.96/turn               (no ring)
MPRegen 0.09/turn               (no ring)

@: brilliant, lethally poisoned (-6 -> -24)
A: horns 2, retaliatory headbutt
a: no special abilities


You were on level 3 of the Dungeon.
You visited 1 branch of the dungeon, and saw 4 of its levels.

You collected 152 gold pieces.

Inventory:

Hand Weapons
 a - a +0 shortbow (weapon)
Missiles
 c - a throwing net
 q - 5 curare-tipped darts
Armour
 f - a +0 scale mail (worn)
Jewellery
 s - an amulet of regeneration (around neck)
Wands
 o - a wand of roots (9)
Scrolls
 d - 5 scrolls of identify {unknown}
 e - 2 scrolls of enchant armour {unknown}
 i - a scroll of fear {unknown}
 j - a scroll of amnesia {unknown}
 l - a scroll of teleportation {unknown}
 m - a scroll of noise {unknown}
 t - a scroll of acquirement {unknown}
Potions
 b - a potion of lignification {unknown}
 g - a potion of brilliance
 h - a potion of attraction {unknown}
 k - a potion of magic
 n - a potion of berserk rage {unknown}
 p - a potion of might {unknown}
 r - a potion of curing {unknown}


   Skills:
 + Level 5.1 Fighting
 + Level 6.1 Ranged Weapons
 - Level 2.1 Dodging
 - Level 0.7 Stealth


You had 4 spell levels left.
You didn't know any spells.
Your spell library contained the following spells:

 Spells                   Type           Power      Damage    Failure   Level
 Apportation              Tloc           0%         N/A       91%         1
 Foxfire                  Conj/Fire      0%         2x1d4     91%         1
 Necrotise                Necr           0%         1d4       91%         1
 Summon Small Mammal      Summ           0%         N/A       91%         1
 Conjure Flame            Conj/Fire      0%         6-21      99%         3
 Gell's Gravitas          Tloc           0%         N/A       99%         3
 Inner Flame              Hex/Fire       0%         N/A       99%         3
 Lesser Beckoning         Tloc           0%         N/A       99%         3
 Teleport Other           Tloc           0%         N/A       99%         3
 Vampiric Draining        Necr           0%         2d6       99%         3
 Corpse Rot               Necr/Pois/Air  0%         N/A       100%        4
 Dispel Undead            Necr           0%         3d6       100%        4
 Flame Wave               Conj/Fire      0%         2d4       100%        4
 Agony                    Necr           0%         N/A       100%        5
 Death Channel            Necr           0%         N/A       100%        6


Dungeon Overview and Level Annotations

Branches:
Dungeon (4/15)
 Temple: D:4-7

Altars:

Shops:
D:2 (

Annotations:
D:3 1 runed translucent door, Crazy Yiuf
D:4 Ijyb


Innate Abilities, Weirdness & Mutations

You have a pair of horns on your head.
You reflexively headbutt those who attack you in melee.


Message History

Aim: an adder (almost dead, 50% to hit)
You shoot an arrow. The arrow barely misses the adder.
The scorpion stings you but does no damage.
The adder barely misses you. The gnoll hits you with a +0 flail!
Unknown command.
Fire: a) +0 shortbow
Press: ? - help, Q - select action, (/) - cycle Shift-Dir - straight line, f/p - adder
Aim: an adder (almost dead, 50% to hit)
You shoot an arrow. The arrow hits the adder!
You kill the adder!
The scorpion stings you.
You are poisoned.
The scorpion poisons you! The gnoll closely misses you.
The scorpion closely misses you. The gnoll hits you with a +0 flail.
Fire: a) +0 shortbow
Press: ? - help, Q - select action, (/) - cycle Shift-Dir - straight line, f - scorpion
Aim: a scorpion (65% to hit)
You shoot an arrow. The arrow hits the scorpion.
The scorpion is lightly wounded.
You feel very sick. The scorpion stings you.
You are more poisoned.
The scorpion poisons you! The gnoll hits you with a +0 flail!
The scorpion stings you.
You are lethally poisoned!
The scorpion poisons you!
It was a potion of magic.
Magic courses through your body.
* * * LOW HITPOINT WARNING * * *
You feel very sick. The gnoll completely misses you. The scorpion stings you.
* * * LOW HITPOINT WARNING * * *
You are more poisoned.
The scorpion poisons you!
Unknown command.
It was a potion of brilliance.
You feel clever all of a sudden.
* * * LOW HITPOINT WARNING * * *
You feel extremely sick. The scorpion barely misses you.
The gnoll hits you with a +0 flail!
You die...

#......#############
#......#...........#
#......#...........#
#......'...........#
######.#...........#
######......)...........#
.....#.###.#............#
####.#.#................#
.<..............@s......#
.....#.........)g.......#
...#####.#..............#
............#...........#
########..#.#...........#
#.......#.#...........#
#.......#.##.#'####'###
#.......#.##.#.# #.#
#.......#.##<#.# #.#


You could see a scorpion and a gnoll.

Vanquished Creatures
  Natasha (thrice) (D:3)
  5 adders
  A gnoll (D:3)
  3 dart slugs
  6 ball pythons
  3 bats
  5 endoplasms
  8 goblins
  4 hobgoblins
  4 jackals (D:3)
  2 quokkas
  6 kobolds
  8 rats
58 creatures vanquished.

Notes
Turn   | Place    | Note
-------+----------+-------------------------------------------
     0 | D:1      | safid the Minotaur Hunter began the quest for the Orb.
     0 | D:1      | Reached XP level 1. HP: 18/18 MP: 0/0
    57 | D:1      | Found a faded altar of an unknown god.
   448 | D:1      | Reached XP level 2. HP: 22/26 MP: 1/1
  1271 | D:2      | Reached XP level 3. HP: 27/31 MP: 2/2
  1321 | D:2      | Reached skill level 5 in Ranged Weapons
  1502 | D:2      | Found Fianaseg's Weapon Shop.
  1954 | D:3      | Noticed Natasha
  1963 | D:3      | Killed Natasha
  1964 | D:3      | Reached XP level 4. HP: 31/40 MP: 1/3
  2160 | D:3      | Found a runed translucent door.
  2161 | D:3      | Noticed Crazy Yiuf
  2219 | D:3      | Noticed Natasha
  2227 | D:3      | Killed Natasha
  2496 | D:3      | Reached XP level 5. HP: 42/47 MP: 4/4
  2505 | D:3      | Noticed Natasha
  2513 | D:3      | Killed Natasha
  2721 | D:4      | Noticed Ijyb
  2723 | D:4      | Paralysed by Ijyb for 4 turns
  2738 | D:3      | Reached skill level 5 in Fighting
  2738 | D:3      | Reached skill level 6 in Ranged Weapons
  2921 | D:3      | Mangled by a gnoll

Illustrated notes

Levels and vault maps discovered:
D:1:      ncdulo_wetmaze, layout_basic, hellmonk_ecumenical_altar_arch_garden,
          minmay_pentomino_p4
D:2:      layout_basic, serial_shops, shop
D:3:      layout_basic, grunt_ministairs_3, uniq_natasha,
          uniq_crazy_yiuf_cottage
D:4:      layout_rooms, grunt_gozag_breadcrumbs, uniq_edmund, uniq_sigmund,
          uniq_ijyb

Skill      XL: |  1  2  3  4  5 |
---------------+----------------+-----
Fighting       | 3 4 5 |  5.1
Ranged Weapons | 5 6 |  6.1
Dodging        | |  2.1
Stealth        | |  0.7

Action                   |  1- 3 |  4- 6 || total
-------------------------+-------+-------++-------
 Fire: Shortbow          |   105 |    59 ||   164
  Use: Potion            |       |     2 ||     2
Armor: Scale mail        |    16 |    33 ||    49
Dodge: Dodged            |    23 |    51 ||    74
